 Dungeon Crawl Stone Soup version 0.27.1 (webtiles) character file.

Game seed: 6866735153799780658

2228 Gwenloh the Magician (level 9, -1/65 HPs)
             Began as a Djinni Necromancer on Aug 26, 2021.
             Was a Follower of Dithmenos.
             Slain by an orc priest (2 damage)
             ... on level 7 of the Dungeon.
             The game lasted 00:33:19 (8579 turns).

Gwenloh the Magician (Djinni Necromancer)           Turns: 8579, Time: 00:33:19

Health: -1/65      AC:  6    Str: 13    XL:     9   Next: 62%
Gold:   331        EV: 12    Int: 19    God:    Dithmenos [*.....] SH:  0 Dex: 15

rFire    + + .     SeeInvis .   b - +0 hunting sling
rCold    x . .     Faith    .   (no shield)
rNeg     . . .     Spirit   .   g - +0 leather armour
rPois    ∞         Reflect  .   B - +0 hat
rElec    .         Harm     .   c - +0 cloak
rCorr    .         Rampage  .   k - +0 pair of gloves
Will     .....                  (boots unavailable)
Stlth    ++........             w - amulet of regeneration
HPRegen  1.20/turn              n - +6 ring of strength
MPRegen  0.00/turn              (no ring)

@: flying, wreathed by umbra
A: sickness immunity, fire resistance 2, cold vulnerability 1, float, innate
caster, hp casting, extra vitality 1
a: Renounce Religion


You were on level 7 of the Dungeon.
You worshipped Dithmenos.
Dithmenos was aware of your devotion.
You visited 2 branches of the dungeon, and saw 8 of its levels.

You collected 463 gold pieces.
You spent 132 gold pieces at shops.

Inventory:

Hand Weapons
 a - a +1 double sword of draining
 b - a +0 hunting sling (weapon)
 i - a +4 falchion of freezing
Missiles
 f - 140 stones
 m - 72 sling bullets (quivered ammo)
 r - 2 throwing nets
Armour
 c - a +0 cloak (worn)
 g - a +0 leather armour (worn)
 k - a +0 pair of gloves (worn)
 B - a +0 hat (worn)
Jewellery
 n - a +6 ring of strength (left hand)
 w - an amulet of regeneration (around neck)
Wands
 p - a wand of paralysis (6)
 s - a wand of iceblast (5)
 z - a wand of polymorph (10)
Scrolls
 h - 2 scrolls of immolation
 j - a scroll of holy word
 u - a scroll of enchant weapon
 v - a scroll of fog {unknown}
 y - a scroll of torment {unknown}
 C - a scroll of teleportation {unknown}
Potions
 d - 2 potions of curing
 e - a potion of attraction
 l - a potion of flight
 o - 2 potions of mutation
 q - 2 potions of cancellation {unknown}
 t - 2 potions of might {unknown}
 x - a potion of heal wounds {unknown}
 A - a potion of berserk rage {unknown}


   Skills:
 + Level 5.5 Fighting
 - Level 5.0 Armour
 - Level 2.1 Dodging
 - Level 1.5 Stealth
 * Level 7.1 Spellcasting
 + Level 4.3 Invocations


You couldn't memorise any spells.
You knew the following spells:

 Your Spells              Type           Power      Damage    Failure   Level
a - Pain                  Necr           100%       1d9       1%          1
b - Vampiric Draining     Necr           16%        2d8       1%          3
c - Agony                 Necr           33%        N/A       19%         5
d - Animate Dead          Necr           16%        N/A       7%          4
e - Animate Skeleton      Necr           66%        N/A       1%          1
f - Sandblast             Erth           66%        2d15      1%          1
g - Corpse Rot            Necr/Air       N/A        N/A       1%          2
h - Dazzling Flash        Conj/Hex       66%        N/A       1%          3
i - Dispel Undead         Necr           33%        3d14      7%          4
Your spell library was empty.

Dungeon Overview and Level Annotations

Branches:
Dungeon (7/15)             Temple (1/1) D:5

Altars:
Cheibriados
Dithmenos
Elyvilon
Fedhas
Gozag
Kikubaaqudgha
Nemelex Xobeh
Ru
Sif Muna
Trog
Uskayaw
Vehumet
Zin
The Shining One
Lugonu

Shops:
D:3 ?

Annotations:
D:5 Menkaure
D:7 Joseph


Innate Abilities, Weirdness & Mutations

You are immune to sickness and miasma.
You are immune to poison.
Your flesh is very heat resistant. (rF++)
You are vulnerable to cold. (rC-)
You float through the air rather than walking.
You learn spells naturally, not from books.
Your magical power is your life essence.
You have superior vitality. (+4 HP)


Message History

The centaur wields a +0 shortbow.
The centaur shoots an arrow.
The arrow hits you!
The centaur shoots an arrow.
The arrow barely misses you.
The centaur shoots an arrow.
The arrow closely misses you.
An orc priest comes into view.
It is wielding a +1 war axe of electrocution.
The orc priest shouts!
You hear a shout! x4
The centaur shoots an arrow.
The arrow hits you!
* * * LOW HITPOINT WARNING * * *
The centaur shoots an arrow.
The arrow barely misses you.
A lemure comes into view.
The centaur shoots an arrow.
The arrow hits you!
* * * LOW HITPOINT WARNING * * *
The centaur unwields a +0 shortbow.
The centaur hits you.
* * * LOW HITPOINT WARNING * * *
The centaur misses you.
An orc wizard comes into view. It is wielding a +0 dagger.
Casting: Vampiric Draining (safe; 1% risk of failure)
Confirm with . or Enter, or press ? or * to list all spells.
Aiming: Vampiric Draining (safe; 1% risk of failure)
Press: ? - help, Shift-Dir - straight line, f - centaur
Aim: a centaur, quivering arrows (umbra)
You draw life force from the centaur!
You feel life coursing into your body.
* * * LOW HITPOINT WARNING * * *
The centaur hits you.
* * * LOW HITPOINT WARNING * * *
The centaur barely misses you. The lemure hits you but does no damage.
The centaur completely misses you.
The centaur kicks you but does no damage.
Casting: Vampiric Draining (safe; 1% risk of failure)
Confirm with . or Enter, or press ? or * to list all spells.
Aiming: Vampiric Draining (safe; 1% risk of failure)
Press: ? - help, Shift-Dir - straight line, f/p - centaur
Aim: a centaur, quivering arrows (heavily wounded, umbra)
You draw life force from the centaur.
You feel life coursing into your body.
* * * LOW HITPOINT WARNING * * *
The centaur hits you.
* * * LOW HITPOINT WARNING * * *
The centaur kicks you.
* * * LOW HITPOINT WARNING * * *
The orc priest hits you with a +1 war axe of electrocution.
You die...

......................
........................
..........#######.......
...............(........
...........†............
........................
.............#..........
...>.......)............
.......@o....#..........
......c.5.####......##..
.............#......##..
.............#..........
...........^.#######....
......######5.o .#....
...... o...........
...... ........... ..
.5.5.......


You could see 2 lemures, a centaur, an orc priest and 2 orc wizards.

Vanquished Creatures
  Duvessa (D:7)
  An ice beast (D:5)
  An orc warrior (D:7)
  A sky beast (D:4)
  A necrophage (D:6)
  2 ogres
  2 centaurs
  A phantom (D:6)
  A kobold brigand (D:7)
  2 scorpions
  A wyvern skeleton (D:6)
  2 water moccasin zombies (D:6)
  Dowan (D:7)
  A water moccasin skeleton (D:4)
  6 wights (D:6)
  2 centaur zombies (D:6)
  4 bullfrog zombies
  A hound (D:6)
  A centaur skeleton (D:7)
  2 orc priests
  A human zombie (D:6)
  3 iguanas
  Ijyb (D:4)
  2 orc wizards
  2 mummies (D:6)
  6 adders
  A white imp (D:5)
  An ufetubus (D:5)
  4 worms (D:2)
  2 dart slugs
  7 orcs
  8 endoplasms
  4 giant cockroaches
  5 goblins
  9 hobgoblins
  5 quokkas
  9 ball pythons
  10 bats
  3 frilled lizards
  9 kobolds
  3 rats
129 creatures vanquished.

Vanquished Creatures (collateral kills)
  An adder skeleton (D:5)
1 creature vanquished.

Vanquished Creatures (others)
  2 demonic plants (D:1)
2 creatures vanquished.

Grand Total: 132 creatures vanquished

Notes
Turn   | Place    | Note
-------+----------+-------------------------------------------
     0 | D:1      | Gwenloh the Djinni Necromancer began the quest for the Orb.
     0 | D:1      | Reached XP level 1. HP: 15/15 MP: 0/0
   238 | D:1      | Found a faded altar of an unknown god.
   341 | D:1      | Reached XP level 2. HP: 17/22 MP: 0/0
   879 | D:1      | Reached skill level 1 in Fighting
   948 | D:1      | Reached XP level 3. HP: 25/27 MP: 0/0
   948 | D:1      | Learned a level 1 spell: Sandblast
  1744 | D:2      | Reached skill level 1 in Armour
  1744 | D:2      | Reached XP level 4. HP: 30/32 MP: 0/0
  2183 | D:2      | Reached skill level 4 in Spellcasting
  2846 | D:3      | Found a bloodstained altar of Trog.
  2975 | D:3      | Reached XP level 5. HP: 22/38 MP: 0/0
  2975 | D:3      | Learned a level 2 spell: Corpse Rot
  3352 | D:3      | Found Uffoyg's Magic Scroll Shoppe.
  3365 | D:3      | Bought a scroll of identify for 22 gold pieces
  3365 | D:3      | Bought a scroll of identify for 22 gold pieces
  3365 | D:3      | Bought a scroll of identify for 22 gold pieces
  3365 | D:3      | Bought a scroll of identify for 22 gold pieces
  3365 | D:3      | Bought a scroll of identify for 22 gold pieces
  3365 | D:3      | Bought a scroll of identify for 22 gold pieces
  4448 | D:4      | Reached XP level 6. HP: 20/45 MP: 0/0
  4621 | D:4      | Noticed Ijyb
  4629 | D:4      | Killed Ijyb
  5092 | D:4      | Found a shadowy altar of Dithmenos.
  5212 | D:4      | Became a worshipper of Dithmenos the Shadowed
  5226 | D:5      | Entered Level 5 of the Dungeon
  5226 | D:5      | Noticed a sky beast
  5254 | D:4      | Killed a sky beast
  5255 | D:4      | Reached XP level 7. HP: 41/50 MP: 0/0
  5255 | D:4      | Learned a level 3 spell: Dazzling Flash
  5367 | D:5      | Reached skill level 5 in Spellcasting
  5534 | D:5      | Reached skill level 1 in Invocations
  5895 | D:5      | Noticed Menkaure
  6318 | D:5      | Found a staircase to the Ecumenical Temple.
  6345 | Temple   | Entered the Ecumenical Temple
  6800 | D:6      | Found a blossoming altar of Fedhas.
  6826 | D:6      | Reached XP level 8. HP: 58/58 MP: 0/0
  7062 | D:6      | Identified a scroll of acquirement
  7063 | D:6      | Acquired a +1 double sword of draining
  7252 | D:6      | Found a hide-covered altar of Uskayaw.
  7337 | D:6      | Reached skill level 6 in Spellcasting
  7724 | D:6      | Reached XP level 9. HP: 57/63 MP: 0/0
  7724 | D:6      | Learned a level 4 spell: Dispel Undead
  7727 | D:6      | Reached * piety under Dithmenos
  7829 | D:6      | Reached skill level 5 in Fighting
  8130 | D:7      | Reached skill level 5 in Armour
  8400 | D:7      | Noticed Dowan
  8433 | D:7      | Reached skill level 7 in Spellcasting
  8448 | D:7      | Noticed Joseph
  8467 | D:7      | Noticed Duvessa
  8489 | D:7      | Killed Dowan
  8565 | D:7      | Killed Duvessa
  8579 | D:7      | HP: 3/65 [centaur (4)]
  8579 | D:7      | HP: 1/65 [centaur (2)]
  8579 | D:7      | Slain by an orc priest

Illustrated notes

Levels and vault maps discovered:
D:1:      dpeg_arrival_stone_temple_mockup, layout_loops_ring,
          shapermc_ecumenical_altar_gd
D:2:      cheibrodos_helix_gallery, layout_basic
D:3:      minmay_angry_zag, layout_basic, mainiacjoe_overflow_small_starburst,
          serial_shops, shop_coins, hangedman_glass_teeth, st_stairs_14
D:4:      layout_cave_pools, grunt_dithmenos_smoke_and_mirrors, uniq_ijyb
D:5:      layout_rooms, minmay_temple_entry_grid, uniq_menkaure
D:6:      layout_basic, fedhas_ov_isle_minmay, lemuel_doored_altar,
          lemuel_mausoleum_altar_kikubaaqudgha
D:7:      layout_basic, kennysheep_path_1, lightli_church_of_beogh, uniq_pikel,
          uniq_duvessa, uniq_joseph
Temple:   kb_corrupted_temple

Skill      XL: |  1  2  3  4  5  6  7  8  9 |
---------------+----------------------------+-----
Fighting       | 1 2 3 4 5 |  5.5
Armour         | 1 2 3 4 5 |  5.0
Spellcasting   | 4 5 6 7 |  7.1
Invocations    | 1 3 4 |  4.3
Dodging        | |  2.1
Stealth        | |  1.5

Action                   |  1- 3 |  4- 6 |  7- 9 || total
-------------------------+-------+-------+-------++-------
Melee: Rapier            |     3 |    11 |    20 ||    34
       Double sword      |       |       |    50 ||    50
       Falchion          |       |       |     3 ||     3
 Fire: Hunting sling     |    83 |   138 |    53 ||   274
Throw: Stone             |     2 |       |       ||     2
 Cast: Pain              |    30 |    43 |    29 ||   102
       Vampiric Draining |       |    12 |    27 ||    39
       Sandblast         |       |       |    19 ||    19
       Animate Dead      |       |       |     1 ||     1
       Dispel Undead     |       |       |    13 ||    13
       Dazzling Flash    |       |       |     1 ||     1
Evoke: Wand              |       |       |     1 ||     1
  Use: Scroll            |       |     9 |     2 ||    11
 Stab: Sleeping          |       |       |     2 ||     2
Armor: Robe              |     1 |       |       ||     1
       Leather armour    |     4 |    12 |    41 ||    57
Dodge: Dodged            |    12 |    44 |    76 ||   132
       Rpst.: Double sword |       |       |     4 ||     4
       Falchion          |       |       |     1 ||     1
